 Dungeon Crawl Stone Soup version 0.28.0-53-g5a82cb258f (webtiles) character file.

Game seed: 6362286047822391264

689 cbfl8 the Chopper (level 7, -3/61 (62) HPs)
             Began as a Minotaur Berserker on July 28, 2022.
             Was a Priest of Trog.
             Slain by a scorpion (8 damage)
             ... on level 5 of the Dungeon.
             The game lasted 00:04:15 (4486 turns).

cbfl8 the Chopper (Minotaur Berserker)              Turns: 4486, Time: 00:04:16

HP:   -3/61 (62)    AC:  7    Str: 21 (22) XL:     7   Next: 36%
MP:   6/6           EV: 11    Int:  1 (4)  God:    Trog [***...]
Gold: 172           SH:  0    Dex: 10 (11) Spells: 6/6 levels left

rFire   . . .      SeeInvis .   a - +0 hand axe
rCold   . . .      Faith    +   (no shield)
rNeg    . . .      Spirit   .   n - +0 scale mail
rPois   +          Reflect  .   (helmet restricted)
rElec   .          Harm     .   (no cloak)
rCorr   .          Rampage  .   (no gloves)
Will    .....                   (no boots)
Stlth   ..........              l - amulet of faith
HPRegen 0.20/turn               i - ring of poison resistance
MPRegen 0.10/turn               (no ring)

@: brilliant, on berserk cooldown, slowed, lightly drained, very slow
A: horns 2, retaliatory headbutt
a: Renounce Religion, Berserk, Trog's Hand


You were on level 5 of the Dungeon.
You worshipped Trog.
Trog was most pleased with you.
You visited 1 branch of the dungeon, and saw 5 of its levels.

You collected 172 gold pieces.

Inventory:

Hand Weapons
 a - a +0 hand axe (weapon)
Armour
 b - a +0 animal skin
 c - a +0 ring mail
 n - a +0 scale mail (worn)
Jewellery
 i - a ring of poison resistance (left hand)
 l - an amulet of faith (around neck)
Wands
 o - a wand of polymorph (10)
Scrolls
 d - a scroll of holy word
 g - 2 scrolls of teleportation
 m - 4 scrolls of identify
 p - a scroll of blinking
Potions
 e - a potion of magic {unknown}
 f - a potion of lignification {unknown}
 h - a potion of degeneration
 j - a potion of brilliance
 k - 2 potions of curing {unknown}
 q - a potion of berserk rage {unknown}


   Skills:
 * Level 5.7 Fighting
 + Level 6.1 Axes
 + Level 5.2 Armour
 * Level 3.9 Dodging
 + Level 0.4 Stealth
 * Level 2.4 Evocations


You had 6 spell levels left.
You didn't know any spells.
Your spell library was empty.

Dungeon Overview and Level Annotations

Branches:
Dungeon (5/15)
 Temple: D:4-7

Altars:
Uskayaw


Innate Abilities, Weirdness & Mutations

You have a pair of horns on your head.
You reflexively headbutt those who attack you in melee.


Message History

You closely miss the orc wizard. Your headbutt misses the orc wizard.
The orc wizard is almost dead.
You hit the scorpion. You hit the water moccasin zombie.
You slash the dart slug! You hit the orc.
You kill the orc!
Trog accepts your kill.
You hit the shadow imp.
You kill the shadow imp!
Trog accepts your kill.
You feel less confused. The water moccasin zombie bites you.
* * * LOW HITPOINT WARNING * * *
The orc closely misses you. The scorpion closely misses you.
Something hits you but does no damage. The orc completely misses you.
The necrophage completely misses you. The dart slug misses you.
The scorpion stings you.
* * * LOW HITPOINT WARNING * * *
It was a potion of brilliance.
You feel clever all of a sudden.
The water moccasin zombie barely misses you.
You furiously retaliate!
You headbutt the water moccasin zombie! Something hits you but does no damage.
The orc hits you from afar with a +0 trident.
* * * LOW HITPOINT WARNING * * *
The scorpion barely misses you.
The orc wizard gestures at you while chanting.
The magic dart hits you.
* * * LOW HITPOINT WARNING * * *
The necrophage hits you.
* * * LOW HITPOINT WARNING * * *
You feel drained. The water moccasin zombie bites you.
* * * LOW HITPOINT WARNING * * *
The dart slug launches a dart at you.
The slug dart hits you but does no damage.
Unknown command.
It was a potion of degeneration.
There was something very wrong with that liquid.
You feel weakened.
You feel dopey.
You feel clumsy. The scorpion stings you!
You die...

#....... ... #.......
..#... #....... ......#
## ####.### .......##
##.# #.# ......#.## ##.#
#.# .........###..# #.#
..!....soo#.#.# #.#
......oZ@#.##.# #.#
.......n)w.##.# #.#
...........##.#######.#
..........###.........###
..........# ############.
$.......... #..
...........# #.#
.###.###.#:# #.# #. #.#.#
#.#


You could see a necrophage, a scorpion, an orc priest, an orc wizard, a dart
slug, an orc and a water moccasin zombie.

Vanquished Creatures
  An ice beast (D:5)
  An ogre (D:5)
  A phantom (D:5)
  Blork the orc (D:5)
  2 scorpions
  A centaur zombie (D:5)
  A killer bee zombie (D:5)
  7 gnolls
  3 adders
  A shadow imp (D:5)
  2 worms
  A dart slug (D:1)
  10 orcs
  3 ball pythons (D:3)
  8 bats
  8 endoplasms
  2 giant cockroaches
  7 goblins
  7 hobgoblins
  3 jackals (D:2)
  3 kobolds
  6 quokkas
  2 frilled lizards
  5 rats
86 creatures vanquished.

Notes
Turn   | Place    | Note
-------+----------+-------------------------------------------
     0 | D:1      | cbfl8 the Minotaur Berserker began the quest for the Orb.
     0 | D:1      | Reached XP level 1. HP: 19/19 MP: 0/0
   134 | D:1      | Reached XP level 2. HP: 27/27 MP: 1/1
   503 | D:1      | Reached skill level 4 in Axes
   852 | D:1      | Reached ** piety under Trog
  1148 | D:2      | Reached XP level 3. HP: 32/33 MP: 2/2
  1205 | D:2      | Reached XP level 4. HP: 34/41 MP: 3/3
  1992 | D:3      | Found a hide-covered altar of Uskayaw.
  2240 | D:3      | Reached XP level 5. HP: 17/47 MP: 4/4
  2651 | D:3      | Found a faded altar of an unknown god.
  2984 | D:3      | Reached *** piety under Trog
  3135 | D:4      | Reached skill level 5 in Fighting
  3135 | D:4      | Reached skill level 5 in Axes
  3135 | D:4      | Reached skill level 1 in Evocations
  3140 | D:4      | Noticed an ogre
  3159 | D:5      | Entered Level 5 of the Dungeon
  3374 | D:5      | Noticed a phantom
  3383 | D:5      | Killed a phantom
  3384 | D:5      | Reached XP level 6. HP: 56/56 MP: 5/5
  3883 | D:5      | Noticed Blork the orc
  3892 | D:5      | Killed Blork the orc
  3993 | D:5      | Reached XP level 7. HP: 28/61 MP: 6/6
  4420 | D:5      | Reached skill level 6 in Axes
  4420 | D:5      | Reached skill level 5 in Armour
  4486 | D:5      | Slain by a scorpion

Illustrated notes

Levels and vault maps discovered:
D:1:      matt_arrival_refuge, layout_loops_ring, roderic_lattice_a,
          lemuel_old_faithful
D:2:      layout_loops_ring
D:3:      cheibrodos_helix_gallery, layout_loops_ring,
          nicolae_uskayaw_dance_hall, ebering_ecumenical_altar_petrified,
          columned_hall_lemuel
D:4:      layout_cave_pools, minmay_temple_entry_poolview, uniq_menkaure
D:5:      layout_loops_ring, uniq_blork_the_orc

Skill      XL: |  1  2  3  4  5  6  7 |
---------------+----------------------+-----
Fighting       | 4 5 |  5.7
Axes           | 4 5 6 |  6.1
Armour         | 3 4 5 |  5.2
Dodging        | 3 |  3.9
Evocations     | 1 2 |  2.4
Stealth        | |  0.4

Action                   |  1- 3 |  4- 6 |  7- 9 || total
-------------------------+-------+-------+-------++-------
Melee: Hand axe          |    60 |   136 |    13 ||   209
       Headbutt          |     7 |    23 |     3 ||    33
       Punch             |       |     3 |       ||     3
Invok: Berserk           |     1 |     4 |     1 ||     6
  Use: Scroll            |     2 |     2 |       ||     4
       Potion            |       |       |     2 ||     2
 Stab: Sleeping          |     2 |       |       ||     2
Armor: Ring mail         |    20 |    19 |       ||    39
       Scale mail        |       |    17 |     9 ||    26
Dodge: Dodged            |    41 |    67 |    19 ||   127
